Construct Section Command Post
Selects Australian Defense Battlegroup
Selects Australian Light Infantry Section
Australian Light Infantry Section
Selects 2-pounder Anti-tank Gun Team
Australian Light Infantry Section
2-pounder Anti-tank Gun Team
Construct Platoon Command Post
Australian Light Infantry Section
Selects CMP 15cwt Supply Run
Construct Company Command Post
Selects Reinforced Resource Caches
Selects Archer Tank Destroyer
Selects Vehicle Over Repair
Australian Light Infantry Section